 Dungeon Crawl Stone Soup version 0.28-a0-793-g31680bbd8b (webtiles) character file.

Game seed: 1536295883053907518

15155 jasper the Cleaver (level 11, -3/90 HPs)
             Began as a Demonspawn Cinder Acolyte on Nov 4, 2021.
             Was an Initiate of Ignis.
             Slain by a cane toad (11 damage)
             ... on level 1 of the Lair of Beasts.
             The game lasted 00:21:02 (15795 turns).

jasper the Cleaver (Demonspawn Cinder Acolyte)     Turns: 15795, Time: 00:21:03

Health: -3/90      AC: 17    Str: 18    XL:     11   Next: 98%
Magic:  12/12      EV:  6    Int: 15    God:    Ignis [......]
Gold:   811        SH: 14    Dex:  9    Spells: 12/12 levels left

rFire   + + .      SeeInvis .   a - +0 hand axe (flame)
rCold   . . .      Faith    .   F - +0 kite shield
rNeg    + . .      Spirit   .   Q - +2 chain mail {rN+}
rPois   .          Reflect  .   (helmet unavailable)
rElec   .          Harm     .   w - +0 cloak
rCorr   +          Rampage  .   (no gloves)
Will    .....                   H - +2 pair of boots
Stlth   ..........              (no amulet)
HPRegen 0.25/turn               E - ring of resist corrosion
MPRegen 0.26/turn               N - ring of protection from fire

@: lethally poisoned (-3 -> -5)
A: horns 3, large bone plates 1, magic regeneration, demonic magic 2
a: Renounce Religion


You were on level 1 of the Lair of Beasts.
You worshipped Ignis.
Ignis was noncommittal.
You visited 2 branches of the dungeon, and saw 12 of its levels.

You collected 811 gold pieces.

Inventory:

Hand Weapons
 a - a +0 hand axe of flaming (weapon)
 o - a +0 hunting sling
 A - a +0 war axe
 M - a +1 hand axe of venom
Missiles
 e - 49 sling bullets
 h - 441 stones
 v - 15 boomerangs (quivered)
 z - 47 poisoned darts
 R - 3 throwing nets
Armour
 b - a +0 robe
 c - a +0 leather armour
 d - a +0 buckler
 g - a +0 ring mail
 n - the +1 leather armour "Guotidat" {Will- Regen+ MP-9 Int+9}
   (You found it on level 4 of the Dungeon)

   Int:       It affects your intelligence (+9).
   MP:        It affects your magic capacity (-9).
   Regen:     It increases your rate of health regeneration.
   Will:      It decreases your willpower.
 w - a +0 cloak (worn)
 y - a +0 chain mail
 F - a +0 kite shield (worn)
 H - a +2 pair of boots (worn)
 O - a +0 plate armour
 Q - a +2 chain mail of positive energy (worn)
Jewellery
 f - a ring of willpower
 i - a ring of fire
 r - a ring of willpower
 s - a ring of wizardry
 E - a ring of resist corrosion (left hand)
 N - a ring of protection from fire (right hand)
Wands
 C - a wand of iceblast (13)
 D - a wand of polymorph (10)
 J - a wand of digging (1)
 L - a wand of flame (99)
 T - a wand of charming (15)
Scrolls
 l - a scroll of fog
 p - 8 scrolls of teleportation
 t - 2 scrolls of enchant weapon
 K - a scroll of blinking
 P - 2 scrolls of enchant armour
 U - 2 scrolls of amnesia
Potions
 j - 3 potions of attraction
 k - 2 potions of degeneration
 m - 3 potions of brilliance
 q - a potion of resistance
 u - a potion of berserk rage
 x - a potion of invisibility {unknown}
 B - a potion of flight {unknown}
 G - a potion of ambrosia
 I - 4 potions of curing {unknown}


   Skills:
 - Level 9.7 Fighting
 - Level 14.0 Axes
 - Level 7.3 Armour
 + Level 8.7 Shields
 - Level 1.0 Spellcasting
 - Level 2.6 Fire Magic


You had 12 spell levels left.
You didn't know any spells.
Your spell library contained the following spells:

 Spells                   Type           Power      Damage    Failure   Level
 Scorch                   Fire           16%        2d6       96%         2
 Sting                    Tmut/Pois      0%         1d3       99%         1
 Poisonous Vapours        Pois/Air       0%         N/A       100%        2
 Ignite Poison            Fire/Tmut/Pois 3%         N/A       100%        3
 Mephitic Cloud           Conj/Pois/Air  0%         N/A       100%        3
 Flame Wave               Conj/Fire      4%         3d3       100%        4
 Olgreb's Toxic Radiance  Pois           0%         N/A       100%        4
 Freezing Cloud           Conj/Ice/Air   0%         6-21      100%        5
 Summon Cactus Giant      Summ           0%         N/A       100%        6


Dungeon Overview and Level Annotations

Branches:
Dungeon (11/15)            Temple (0/1) D:7            Lair (1/6) D:11
    Orc (0/2) D:9

Altars:
Cheibriados
Dithmenos
Elyvilon
Fedhas
Gozag
Kikubaaqudgha
Nemelex Xobeh
Okawaru
Qazlal
Ru
Sif Muna
Xom
Zin
The Shining One

Annotations:
D:10 2 transporters, Thraspic's ghost, journeyman GrWn


Innate Abilities, Weirdness & Mutations

You have a pair of large horns on your head.
You are partially covered in large bone plates. (SH +4)
You regenerate magic rapidly.
Spells you cast may paralyse nearby enemies.


Message History

The cane toad stings you!
You take 14 damage, and have 32/90 hp.
You hit the cane toad but do no damage.
The cane toad is heavily wounded.
You feel very sick. The cane toad barely misses you.
You take 3 damage, and have 29/90 hp.
You hit the cane toad but do no damage. You headbutt the cane toad!
The cane toad is almost dead.
You feel sick. You block the cane toad's attack.
You take 2 damage, and have 27/90 hp.
You hit the cane toad but do no damage. Your headbutt misses the cane toad.
The cane toad is almost dead.
You feel sick. The cane toad stings you!
* * * LOW HITPOINT WARNING * * *
You take 14 damage, and have 13/90 hp.
You hit the cane toad. You burn the cane toad.
The cane toad is almost dead.
You feel sick. You block the cane toad's attack.
You take 2 damage, and have 11/90 hp.
You hit the cane toad but do no damage.
The cane toad is almost dead.
You feel sick. You block the cane toad's attack.
You are confused.
You feel invigorated.
You feel sick.
The cane toad stings you but does no damage.
You regained 3 hp, and now have 14/90 hp.
You feel sick.
The cane toad stings you but does no damage.
You regained 4 hp, and now have 18/90 hp.
You bump into the rock wall.
You feel sick. The cane toad stings you!
* * * LOW HITPOINT WARNING * * *
The cane toad stings you.
* * * LOW HITPOINT WARNING * * *
You take 15 damage, and have 3/90 hp.
Okay, then.
Found 13 arrows.
You feel less invigorated.
You feel less confused.
You feel sick. The cane toad stings you!
You die...

(. ... #.# #.# #.#
#.# ### #. ## #.##
##.##.#+.# # #F@#
#.........
#.#.##..###
#......(..
.......$..P#
#.........
#P#####....#
#....>....
#..#.#####.........
##.......'.........
###.###.P.........
#..########.'###
#.## ##..##


You could see a cane toad.

Vanquished Creatures
  A hydra (D:8)
  2 two-headed ogres
  A cyclops (D:11)
  An elephant (D:11)
  Maurice (D:11)
  A cane toad (Lair:1)
  3 kobold demonologists (D:9)
  An unseen horror (D:11)
  A komodo dragon (Lair:1)
  A shadow (D:9)
  Sigmund (D:5)
  A vampire (D:11)
  9 yaks
  2 wyverns
  A basilisk (D:11)
  A wraith (D:11)
  4 vampire mosquitoes (D:10)
  2 acid dragons
  A water moccasin (D:5)
  8 orc warriors
  4 black bears
  An ice beast (D:8)
  10 ogres
  8 centaurs
  A phantom (D:6)
  4 kobold brigands
  Blork the orc (D:4)
  A bullfrog (Lair:1)
  2 scorpions (D:5)
  A gnoll sergeant (D:8)
  A wyvern zombie (D:5)
  A howler monkey (D:9)
  9 centaur zombies
  2 bullfrog zombies
  2 jellies
  4 hounds
  3 centaur skeletons
  7 gnoll shamans
  7 orc priests
  A bullfrog skeleton (D:5)
  Jessica (D:3)
  An iguana (D:5)
  17 orc wizards
  2 hound skeletons
  3 howler monkey zombies
  18 gnolls
  7 adders
  A shadow imp (D:7)
  A white imp (D:7)
  An ufetubus (D:5)
  3 worms
  3 dart slugs
  72 orcs
  6 ball pythons
  7 endoplasms
  A giant cockroach (D:2)
  8 goblins
  20 hobgoblins
  2 jackals
  4 quokkas
  6 bats
  5 frilled lizards
  29 kobolds
  11 rats
342 creatures vanquished.

Vanquished Creatures (collateral kills)
  A foxfire (D:5)
1 creature vanquished.

Vanquished Creatures (others)
  A ball python (D:3)
  A demonic plant (D:1)
  149 foxfires
  9 fungi
  20 plants
180 creatures vanquished.

Grand Total: 523 creatures vanquished

Notes
Turn   | Place    | Note
-------+----------+-------------------------------------------
     0 | D:1      | jasper the Demonspawn Cinder Acolyte began the quest for
                  | the Orb.
     0 | D:1      | Reached XP level 1. HP: 18/18 MP: 2/2
   239 | D:1      | Reached skill level 3 in Axes
   422 | D:1      | Gained mutation: You regenerate magic rapidly. [demonic
                  | ancestry]
   422 | D:1      | Reached XP level 2. HP: 24/24 MP: 3/3
   861 | D:1      | Found a faded altar of an unknown god.
   922 | D:1      | Reached XP level 3. HP: 18/29 MP: 4/4
  1618 | D:2      | Reached skill level 4 in Axes
  2143 | D:2      | HP: 1/29 [hound (1)]
  2145 | D:2      | Gained mutation: You have a pair of small horns on your
                  | head. [demonic ancestry]
  2145 | D:2      | Reached XP level 4. HP: 2/35 MP: 5/5
  2983 | D:2      | Reached skill level 11 in Axes
  2983 | D:2      | Gained mutation: You have a pair of horns on your head.
                  | [demonic ancestry]
  2983 | D:2      | Reached XP level 5. HP: 41/41 MP: 6/6
  2984 | D:2      | Gained mutation: Spells you cast may paralyse adjacent
                  | enemies. [demonic ancestry]
  2984 | D:2      | Reached XP level 6. HP: 60/60 MP: 7/7
  2985 | D:2      | Gained mutation: Spells you cast may paralyse nearby
                  | enemies. [demonic ancestry]
  2985 | D:2      | Reached XP level 7. HP: 65/65 MP: 8/8
  3216 | D:3      | Noticed Jessica
  3222 | D:3      | Killed Jessica
  3230 | D:3      | Found a shimmering blue altar of Sif Muna.
  3430 | D:3      | Found a shimmering altar of Xom.
  3559 | D:4      | Identified the +1 leather armour "Guotidat" {Will- Regen+
                  | MP-9 Int+9}
  3859 | D:4      | Reached XP level 8. HP: 71/72 MP: 9/9
  4171 | D:4      | Noticed Blork the orc
  4186 | D:4      | Killed Blork the orc
  4264 | D:4      | Found a snail-covered altar of Cheibriados.
  4770 | D:5      | Entered Level 5 of the Dungeon
  5338 | D:5      | Noticed Sigmund
  5344 | D:5      | Killed Sigmund
  5941 | D:5      | Reached skill level 12 in Axes
  6068 | D:5      | Found a sacrificial altar of Ru.
  6225 | D:5      | Gained mutation: You have a pair of large horns on your
                  | head. [demonic ancestry]
  6225 | D:5      | Reached XP level 9. HP: 71/78 MP: 10/10
  6611 | D:6      | Found a shadowy altar of Dithmenos.
  6613 | D:6      | Found a stormy altar of Qazlal.
  6614 | D:6      | Found a blossoming altar of Fedhas.
  6614 | D:6      | Found an iron altar of Okawaru.
  7685 | D:7      | Found an ancient bone altar of Kikubaaqudgha.
  7700 | D:7      | Identified the +3 leather armour "Vyschy Zaytt" {rElec rF-
                  | rC++ Stlth+}
  8448 | D:7      | Found an opulent altar of Gozag.
  8504 | D:7      | Found a staircase to the Ecumenical Temple.
  8528 | D:7      | Found a sparkling altar of Nemelex Xobeh.
  8859 | D:8      | Noticed an eight-headed hydra
  8867 | D:8      | Killed a six-headed hydra
  9121 | D:8      | Noticed a two-headed ogre
  9127 | D:8      | Reached XP level 10. HP: 84/84 MP: 11/11
  9134 | D:8      | Killed a two-headed ogre
  9135 | D:8      | Reached skill level 13 in Axes
 10561 | D:9      | Found a staircase to the Orcish Mines.
 11389 | D:9      | Reached skill level 14 in Axes
 11561 | D:9      | Reached skill level 1 in Shields
 12243 | D:9      | Gained mutation: You are partially covered in large bone
                  | plates. (SH +4) [demonic ancestry]
 12243 | D:9      | Reached XP level 11. HP: 76/90 MP: 12/12
 12400 | D:10     | Entered Level 10 of the Dungeon
 13096 | D:10     | Noticed Thraspic's ghost (journeyman GrWn)
 13097 | D:10     | Found a transporter.
 13098 | D:10     | Found a transporter.
 13725 | D:11     | Found a staircase to the Lair.
 13790 | D:11     | Reached skill level 5 in Shields
 14491 | D:11     | Noticed Maurice
 14495 | D:11     | Killed Maurice
 14495 | D:11     | Noticed a two-headed ogre
 14505 | D:11     | Killed a two-headed ogre
 15457 | Lair:1   | Entered Level 1 of the Lair of Beasts
 15794 | Lair:1   | HP: 3/90 [cane toad (4)]
 15795 | Lair:1   | Slain by a cane toad

Illustrated notes

Levels and vault maps discovered:
D:1:      minmay_arrival_wavy_path, layout_basic, shapermc_ecumenical_altar_gd,
          serial_bayou_lagoon_b
D:2:      layout_loops_ring, basic_altar, minmay_split_cup_large
D:3:      layout_basic, tgw_sif, xom_confusion_cloud, minmay_distorted
D:4:      layout_basic, mainiacjoe_overflow_catwalk, serial_park_tiny_pond,
          uniq_blork_the_orc
D:5:      layout_basic, nicolae_ru_great_annihilating_truth,
          guppyfry_early_lair_pool, uniq_sigmund
D:6:      layout_basic, nicolae_tso_swordbearing_angel,
          grunt_temple_overflow_open, serial_corexii_hall,
          chequers_hall_statues_y, corexii_hall_statues_u, grunt_ministairs_2,
          minmay_circle_x
D:7:      layout_loops_ring, pdpol_temple_overflow_zin_treasury_gozag_greed,
          mainiacjoe_overflow_six_doors_small, lemuel_round_altar,
          minmay_temple_entry_statues_fountains
D:8:      kennysheep_housing_project, layout_loops_corners,
          mainiacjoe_overflow_brackets
D:9:      kennysheep_seaside_town, layout_loops_cross, hiddenorc2_lemuel
D:10:     layout_loops_corners, gammafunk_ghost_hive
D:11:     kennysheep_six_static_rooms, layout_irregular_city,
          david_lair_generic, zin_academy, uniq_maurice
Lair:1:   layout_roguey

Skill      XL: |  1  2  3  4  5  6  7  8  9 10 11 |
---------------+----------------------------------+-----
Axes           | 3 4 11 12 14 | 14.0
Fighting       | 9 |  9.7
Armour         | 7 |  7.3
Shields        | 2 8 |  8.7
Spellcasting   | |  1.0
Fire Magic     | |  2.6

Action                   |  1- 3 |  4- 6 |  7- 9 | 10-12 || total
-------------------------+-------+-------+-------+-------++-------
Melee: Hand axe          |   132 |     2 |   350 |   707 ||  1191
       Headbutt          |       |       |    59 |   133 ||   192
 Fire: Hunting sling     |       |     9 |    34 |       ||    43
Throw: Stone             |     5 |     5 |    28 |       ||    38
       Dart              |       |       |    92 |       ||    92
       Boomerang         |       |       |    23 |    11 ||    34
Invok: Foxfire Swarm     |     2 |       |     6 |     3 ||    11
Evoke: Wand              |       |       |    13 |    18 ||    31
  Use: Scroll            |     3 |     5 |     8 |     4 ||    20
       Potion            |       |     3 |       |     6 ||     9
 Stab: Paralysed         |       |       |     1 |       ||     1
Armor: Ring mail         |    52 |     1 |    37 |       ||    90
       Leather armour    |     1 |       |       |       ||     1
       Chain mail        |       |       |   132 |   431 ||   563
       Plate armour      |       |       |       |    22 ||    22
       Skin              |       |       |       |    39 ||    39
Dodge: Dodged            |    55 |     1 |   125 |   196 ||   377
Block: Kite shield       |       |       |       |   181 ||   181
       Other             |       |       |       |     8 ||     8

Table legend: (Time is in decaauts)
 A = Elapsed time spent in this place.
 B = Non-inter-level travel time spent in this place.
 C = Inter-level travel time spent in this place.
 D = Time resting spent in this place.
 E = Time spent auto-exploring this place.
 F = Levels seen in this place.
 G = Mean time per level.
                   A        B        C        D        E       F      G
               +--------+--------+--------+--------+--------+-----+--------+
         Total |  15438 |  15020 |    418 |   3073 |   9439 |  12 | 1286.5 |
       Dungeon |  15114 |  14696 |    418 |   2837 |   9410 |  11 | 1374.0 |
          Lair |    324 |    324 |      0 |    236 |     29 |   1 |  324.0 |
               +--------+--------+--------+--------+--------+-----+--------+

Top non-repeatable levels by time:
     D:9: 1854 daAuts
    D:11: 1700 daAuts
     D:8: 1583 daAuts
     D:1: 1577 daAuts
     D:5: 1520 daAuts
     D:2: 1462 daAuts
     D:4: 1356 daAuts
    D:10: 1231 daAuts
     D:6: 1193 daAuts
     D:7: 1101 daAuts
     D:3: 533 daAuts
  Lair:1: 324 daAuts
